 Dungeon Crawl Stone Soup version 0.31.0-11-ge490571c62 (webtiles) character file.

Game seed: 17508685788826330039

4 Bravepunisher the Ducker (level 1, 0/11 HPs)
             Began as a Spriggan Monk on Jan 29, 2024.
             Slain by a hound (4 damage)
             ... on level 4 of the Dungeon.
             The game lasted 00:01:04 (190 turns).

Bravepunisher the Ducker (Spriggan Monk)             Turns: 190, Time: 00:01:04

Health: 0/11       AC:  2    Str:  7    XL:     1   Next: 50%
Magic:  2/2        EV: 18    Int: 11    God:
Gold:   16         SH:  0    Dex: 17    Spells: 0/0 levels left

rFire   . . .        a - +0 short sword
rCold   . . .        (no shield)
rNeg    . . .        b - +0 robe
rPois   .            (helmet restricted)
rElec   .            (no cloak)
rCorr   .            (gloves unavailable)
SInv    +            (boots unavailable)
Will    .....        (no amulet)
Stlth   ++           (no ring)
HPRegen 0.21/turn    (no ring)
MPRegen 0.08/turn

%: no passive effects
@: very quick
A: very small, no large weapons, unfitting armour, see invisible, speed 3
a: no special abilities


You were on level 4 of the Dungeon.
You visited 1 branch of the dungeon, and saw 5 of its levels.

You collected 16 gold pieces.

Inventory:

Hand Weapons
 a - a +0 short sword (weapon)
Armour
 b - a +0 robe (worn)


   Skills:
 * Level 2.6 Fighting
 - Level 3.2 Short Blades
 + Level 4.1 Dodging


You couldn't memorise any spells.
You didn't know any spells.
Your spell library was empty.

Dungeon Overview and Level Annotations

Branches:
Dungeon (5/15)
 Temple: D:4-7

Altars:

Shops:
D:2 ?


Innate Abilities, Weirdness & Mutations

You are very small and have problems with some larger weapons.
You are too small for most types of armour.
You have supernaturally acute eyesight. (SInv)
You cover ground extremely quickly. (Speed+++)


Message History

The scorpion attacks as it pursues you! The scorpion stings you.
You aren't carrying any scrolls.
You are confused.
You feel invigorated. The scorpion misses you. The hound bites you.
You hit the scorpion but do no damage. The hound bites you.
The scorpion misses you.
Unknown command.
You bump into the rock wall.
The hound closely misses you. The scorpion misses you.
The hound closely misses you.
You hit the scorpion.
The scorpion is lightly wounded.
The scorpion stings you.
Ouch! That really hurt!
The hound misses you.
You bump into the rock wall.
The hound bites you. The scorpion completely misses you. The hound bites you.
* * * LOW HITPOINT WARNING * * *
You hit the scorpion.
The scorpion is moderately wounded.
You feel less invigorated.
You feel less confused. The scorpion misses you. The hound misses you.
You hit the scorpion but do no damage.
The scorpion is moderately wounded.
The scorpion barely misses you. The hound misses you.
You hit the scorpion but do no damage.
The scorpion is moderately wounded.
The scorpion closely misses you. The hound misses you.
You hit the scorpion but do no damage.
The scorpion is moderately wounded.
The hound bites you. The scorpion completely misses you.
The hound completely misses you.
You hit the scorpion but do no damage.
The scorpion is moderately wounded.
The scorpion barely misses you. The hound completely misses you.
The scorpion barely misses you.
You hit the scorpion but do no damage.
The scorpion is moderately wounded.
The hound bites you.
You die...

# . #
#########.#
........#.#
#s#.# #@#.#
##h#.#
#....#
#....#
#....#
#.##.# #.
#.# #. #.#
#. #.#


You could see a scorpion and a hound.

Vanquished Creatures
  An orc (D:4)
  A quokka (D:4)
  A ball python (D:4)
3 creatures vanquished.

Notes
Turn   | Place    | Note
-------+----------+-------------------------------------------
     0 | D:1      | Bravepunisher the Spriggan Monk began the quest for the
                  | Orb.
     0 | D:1      | Reached XP level 1. HP: 11/11 MP: 2/2
    28 | D:2      | Found Qoichi's Magic Scroll Boutique.
    42 | D:5      | Entered Level 5 of the Dungeon
    47 | D:5      | Noticed a water moccasin
   117 | D:4      | Noticed a hound
   177 | D:4      | Noticed a scorpion
   190 | D:4      | Slain by a hound

Illustrated notes

Levels and vault maps discovered:
D:1:      dreamdust_arrival_beginning_and_end, layout_rooms,
          hellmonk_ecumenical_altar_lost_god
D:2:      layout_basic, serial_shops, nicolae_shop_hallway_stairs, shop,
          uniq_jessica
D:3:      layout_loops_ring, grunt_dithmenos_smoke_and_mirrors,
          chequers_serial_rivers_micro_d
D:4:      layout_loops_ring
D:5:      layout_loops_ring, temple_doors_e, serial_glass, glass_columns_b,
          glass_columns_c, uniq_duvessa

Action                     || total
---------------------------++-------
  Melee: Short sword       ||    22
    Use: Potion            ||     1
   Stab: Distracted        ||     1
         Sleeping          ||     1
 Armour: Robe              ||     9
  Dodge: Dodged            ||    32
